 Dungeon Sprint DCSS version 0.20.1-1-g8b1a95d (webtiles) character file.

53160 Kingsmith the Warrior (level 14, -1/149 HPs)
             Began as a Minotaur Fighter on Dec 12, 2017.
             Was the Champion of the Shining One.
             Slain by a sphinx simulacrum (14 damage)
             ... animated by a necromancer
             ... while paralysed by an ogre mage
             ... in the Dungeon (Sprint IX: "|||||||||||||||||||||||||||||").
             The game lasted 00:15:27 (5728 turns).

Kingsmith the Warrior (Minotaur Fighter)            Turns: 5728, Time: 00:15:27

Health: -1/149     AC: 23    Str: 26    XL:     14   Next: 29%
Magic:  24/24      EV:  2    Int:  8    God:    the Shining One [******]
Gold:   1163       SH:  0    Dex: 13    Spells: 13/13 levels left

rFire    + . .     SeeInvis .   C - +7 sacred scourge (holy)
rCold    + . .     Gourm    .   z - +0 shield {AC+3}
rNeg     + + +     Faith    .   D - +0 swamp dragon scales
rPois    +         Spirit   .   a - +1 hat {Int+3}
rElec    .         Reflect  .   w - +0 cloak
rCorr    .         Harm     .   y - +2 pair of gloves {Dex+3}
MR       +....     NoTele   +   b - +0 pair of boots
Stlth    +.........             (no amulet)
Regen    0.4/turn               A - ring of protection from fire
MPRegen  0.2/turn               x - ring of protection from cold

@: paralysed, slowed, glowing
A: retaliatory headbutt, horns 2
a: Divine Shield, Cleansing Flame, Summon Divine Warrior, Renounce Religion


You were in the Dungeon.
You worshipped the Shining One.
The Shining One was exalted by your worship.
You were hungry.

You visited 1 branch You collected 1913 gold pieces.
You spent 750 gold pieces at shops.

Inventory:

Hand Weapons
 C - a +7 sacred scourge of holy wrath (weapon)
Armour
 a - a +1 hat of intelligence (worn)
 b - a +0 pair of boots (worn)
 w - a +0 cloak (worn)
 y - a +2 pair of gloves of dexterity (worn)
 z - a +0 shield of protection (worn)
 D - +0 swamp dragon scales (worn)
Jewellery
 c - an uncursed ring of protection from magic
 l - a +2 ring of evasion
 q - a +2 ring of protection
 x - a ring of protection from cold (right hand)
 A - a ring of protection from fire (left hand)
 B - an uncursed ring of protection from magic
Wands
 o - a wand of lightning (7/15)
Scrolls
 j - a scroll of identify
 k - 4 scrolls of blinking
 m - 5 scrolls of remove curse
 n - 2 scrolls of amnesia
 s - 3 scrolls of enchant armour
 t - a scroll of recharging
 G - a scroll of fear
Potions
 d - 2 potions of might
 e - 4 potions of curing
 h - 4 potions of mutation
 i - 4 potions of magic
 p - a potion of flight {unknown}
 E - a potion of haste
 F - a potion of agility
Comestibles
 f - 11 bread rations
 u - 40 fruits
 v - 12 meat rations


   Skills:
 - Level 20.7 Fighting
   Level 15.7 Long Blades
 - Level 20.0 Maces & Flails
 - Level 16.2 Armour
 + Level 15.4 Dodging
 - Level 16.4 Shields
 - Level 15.1 Invocations


You had 13 spell levels left.
You didn't know any spells.

Dungeon Overview and Level Annotations

Branches:
Dungeon (1/1)

Altars:
Cheibriados
Dithmenos
Elyvilon
Fedhas
Gozag
Hepliaklqana
Kikubaaqudgha
Makhleb
Nemelex Xobeh
Okawaru
Qazlal
Ru
Sif Muna
Trog
Uskayaw
Vehumet
Xom
Yredelemnul
Zin
The Shining One
Beogh
Jiyva
Lugonu

Shops:
D ??}[


Innate Abilities, Weirdness & Mutations

You reflexively headbutt those who attack you in melee.
You have a pair of horns on your head.


Message History

The ogre mage is almost dead.
The green ugly thing's soul is no longer bound.
The ogre mage points at you and mumbles some strange words.
You suddenly lose the ability to move!
The necromancer casts a spell.
The necromancer flickers and vanishes for a moment.
The sphinx simulacrum hits you but does no damage. x2
The sphinx simulacrum hits you. The sphinx simulacrum freezes you!! You resist.
* * * LOW HITPOINT WARNING * * *
The ogre mage completely misses you.
The ogre mage hits you but does no damage. x2
The sphinx simulacrum hits you.
* * * LOW HITPOINT WARNING * * *
The sphinx simulacrum freezes you! You resist.
* * * LOW HITPOINT WARNING * * *
The sphinx simulacrum hits you but does no damage.
The sphinx simulacrum hits you.
* * * LOW HITPOINT WARNING * * *
The sphinx simulacrum freezes you! You resist.
You die...

▓.▓.▓)▓.▓.▓.▓)▓.▓.
▓.▓.▓.▓.▓.▓.▓.▓.▓.
▓.▓.▓.▓.▓.▓.▓.▓.▓.
▓.▓.▓(▓.▓.▓.▓.▓.▓.
▓†▓.▓)▓.▓.▓.▓(▓.▓.
▓.▓.▓(▓.▓[▓.▓.▓.▓.
▓)▓.▓.▓.▓.▓.▓.▓.▓.
▓Z▓.▓†▓.▓.▓.▓.▓.▓.
▓@▓.▓(▓.▓.▓.▓)▓.▓.
▓O▓.▓.▓.▓.▓.▓)▓.▓'
▓p▓.▓†▓.▓'▓.▓)▓.▓.
▓u▓.▓)▓.▓)▓.▓)▓.▓.
▓.▓.▓.▓.▓(▓.▓)▓.▓.
▓C▓.♣'♣.▓÷▓.▓.▓.▓.
▓.▓.♣.♣.▓(▓.▓∩▓.▓.
▓e▓.♣)♣.▓.▓.▓.▓.▓.
▓.♣†♣.▓)▓.▓∩▓.▓.


You could see a stone giant, a green ugly thing, an ogre mage, a deep elf mage
(wandering), a necromancer (invisible) and a sphinx simulacrum.

Vanquished Creatures
  Rupert (D)
  A sphinx (D)
  Gastronok (D)
  A thorn hunter (D)
  Kirke (D)
  A nagaraja (D)
  A frost giant (D)
  4 stone giants (D)
  A dire elephant (D)
  2 spark wasps (D)
  A merfolk javelineer (D)
  A yaktaur captain (D)
  A great orb of eyes (D)
  A rakshasa (D)
  A hydra (D)
  An ice dragon (D)
  A ghost crab (D)
  2 centaur warriors (D)
  An anaconda (D)
  4 ogre magi (D)
  An alligator (D)
  A naga sharpshooter (D)
  A spriggan berserker (D)
  Sonja (D)
  3 orc high priests (D)
  A hell knight (D)
  A skeletal warrior (D)
  A glowing orange brain (D)
  2 naga ritualists (D)
  A mana viper (D)
  2 wolf spiders (D)
  3 ugly things (D)
  2 orc knights (D)
  2 manticores (D)
  A salamander (D)
  2 cyclopes (D)
  4 orc sorcerers (D)
  A merfolk siren (D)
  7 elephants (D)
  2 spiny frogs (D)
  A black mamba (D)
  2 komodo dragons (D)
  A rime drake (D)
  A yaktaur (D)
  A demonic crawler (D)
  A jumping spider (shapeshifter) (D)
  A troll (D)
  A jumping spider (D)
  A queen bee (shapeshifter) (D)
  2 hornets (D)
  2 snapping turtles (D)
  4 hippogriffs (D)
  2 slime creatures (D)
  A bog body (D)
  3 redbacks (D)
  A tarantella (D)
  A yak (shapeshifter) (D)
  2 hogs (D)
  2 yaks (D)
  A water elemental (D)
  A basilisk (D)
  A naga (D)
  3 water moccasins (D)
  A porcupine (D)
  A black bear (D)
  13 orc warriors (D)
  A sky beast (D)
  An ogre (D)
  2 boggarts (D)
  2 crocodiles (D)
  3 bullfrogs (D)
  A scorpion (D)
  2 killer bees (D)
  2 howler monkeys (D)
  A crimson imp (D)
  A hound (D)
  2 orc priests (D)
  5 orc wizards (D)
  A worker ant (D)
  2 leopard geckos (D)
  11 orcs (D)
  A bat skeleton (D)
  3 giant cockroaches (D)
  A quokka (D)
  A giant cockroach zombie (D)
  A kobold (D)
  A rat (D)
  A briar patch (D)
164 creatures vanquished.

Vanquished Creatures (collateral kills)
  2 fire giants (D)
  A dire elephant (D)
  An ettin (D)
  A rakshasa (D)
5 creatures vanquished.

Vanquished Creatures (others)
  A hydra (D)
  A swamp drake (D)
2 creatures vanquished.

Grand Total: 171 creatures vanquished

Notes
Turn   | Place    | Note
-------+----------+-------------------------------------------
     0 | D        | Kingsmith the Minotaur Fighter began the quest for the Orb.
     0 | D        | Reached XP level 1. HP: 19/19 MP: 0/0
    64 | D        | Noticed a scorpion
    64 | D        | Noticed a howler monkey
    64 | D        | Noticed a worker ant
    67 | D        | Reached XP level 2. HP: 27/27 MP: 1/1
    72 | D        | Killed a scorpion
    72 | D        | Reached skill level 5 in Fighting
    72 | D        | Reached skill level 5 in Armour
    72 | D        | Reached skill level 5 in Shields
    72 | D        | Reached XP level 3. HP: 25/36 MP: 2/2
    73 | D        | Reached skill level 5 in Long Blades
    73 | D        | Reached XP level 4. HP: 31/44 MP: 3/3
   256 | D        | Found a roughly hewn altar of Beogh.
   256 | D        | Found a snail-covered altar of Cheibriados.
   256 | D        | Found a shadowy altar of Dithmenos.
   256 | D        | Found a white marble altar of Elyvilon.
   256 | D        | Found a blossoming altar of Fedhas.
   256 | D        | Found an opulent altar of Gozag.
   257 | D        | Found a hazy altar of Hepliaklqana.
   258 | D        | Found a viscous altar of Jiyva.
   259 | D        | Found an ancient bone altar of Kikubaaqudgha.
   260 | D        | Found a corrupted altar of Lugonu.
   261 | D        | Found a burning altar of Makhleb.
   262 | D        | Found a sparkling altar of Nemelex Xobeh.
   263 | D        | Found an iron altar of Okawaru.
   264 | D        | Found a stormy altar of Qazlal.
   265 | D        | Found a sacrificial altar of Ru.
   266 | D        | Found a deep blue altar of Sif Muna.
   267 | D        | Found a bloodstained altar of Trog.
   268 | D        | Found a hide-covered altar of Uskayaw.
   269 | D        | Found a radiant altar of Vehumet.
   271 | D        | Found a shimmering altar of Xom.
   272 | D        | Found a basalt altar of Yredelemnul.
   273 | D        | Found a glowing silver altar of Zin.
   274 | D        | Found a glowing golden altar of the Shining One.
   282 | D        | Became a worshipper of the Shining One
   324 | D        | Noticed a hippogriff
   324 | D        | Noticed a black bear
   324 | D        | Reached * piety under the Shining One
   324 | D        | Noticed an orc warrior
   327 | D        | Killed a hippogriff
   327 | D        | Reached XP level 5. HP: 49/53 MP: 4/4
   327 | D        | Reached XP level 6. HP: 56/61 MP: 5/5
   330 | D        | Reached skill level 5 in Dodging
   337 | D        | Killed an orc warrior
   337 | D        | Reached XP level 7. HP: 67/70 MP: 6/6
   349 | D        | Noticed a troll
   349 | D        | Noticed a yak
   349 | D        | Reached ** piety under the Shining One
   361 | D        | Killed a troll
   361 | D        | Reached skill level 10 in Fighting
   361 | D        | Reached skill level 10 in Armour
   361 | D        | Reached skill level 10 in Shields
   367 | D        | Killed a yak
   367 | D        | Reached skill level 10 in Long Blades
   377 | D        | Reached XP level 8. HP: 41/80 MP: 7/7
   615 | D        | Noticed Sonja
   615 | D        | Reached *** piety under the Shining One
   637 | D        | Killed Sonja
   923 | D        | Noticed a spiny frog
   923 | D        | Noticed a rime drake
   923 | D        | Noticed a hippogriff
   929 | D        | Reached **** piety under the Shining One
   932 | D        | Reached XP level 9. HP: 70/90 MP: 8/10
   938 | D        | Killed a spiny frog
   943 | D        | Killed a rime drake
  1161 | D        | Noticed a komodo dragon
  1162 | D        | Noticed a spiny frog
  1169 | D        | Killed a komodo dragon
  1170 | D        | Killed a spiny frog
  1176 | D        | Noticed an elephant
  1178 | D        | Reached ***** piety under the Shining One
  1183 | D        | Noticed a komodo dragon
  1189 | D        | Killed an elephant
  1189 | D        | Reached XP level 10. HP: 96/101 MP: 12/12
  1191 | D        | Reached skill level 5 in Invocations
  1212 | D        | Noticed an elephant
  1212 | D        | Noticed an elephant
  1212 | D        | Noticed a dire elephant
  1212 | D        | Noticed an elephant
  1212 | D        | Noticed a dire elephant
  1212 | D        | Noticed an elephant
  1220 | D        | Noticed an elephant
  1253 | D        | Killed a dire elephant
  1258 | D        | Killed an elephant
  1275 | D        | Killed a dire elephant
  1279 | D        | Killed an elephant
  1284 | D        | Killed an elephant
  1288 | D        | Killed an elephant
  1293 | D        | Killed an elephant
  1526 | D        | Noticed an elephant
  1534 | D        | Killed an elephant
  1534 | D        | Reached XP level 11. HP: 108/111 MP: 14/14
  1849 | D        | Reached ****** piety under the Shining One
  1871 | D        | Noticed an orc knight
  1877 | D        | Reached skill level 15 in Shields
  1889 | D        | Killed an orc knight
  1889 | D        | Reached skill level 15 in Fighting
  1889 | D        | Reached skill level 15 in Armour
  2038 | D        | Found Ifauw's Magic Scroll Emporium.
  2038 | D        | Noticed an orc sorcerer
  2038 | D        | Noticed an orc high priest
  2038 | D        | Noticed an orc high priest
  2040 | D        | Noticed an orc knight
  2040 | D        | Killed an orc sorcerer
  2040 | D        | Reached skill level 15 in Long Blades
  2040 | D        | Reached skill level 10 in Dodging
  2044 | D        | Noticed an orc sorcerer
  2044 | D        | Killed an orc high priest
  2045 | D        | Found Feadere's Magic Scroll Shoppe.
  2055 | D        | Killed an orc high priest
  2061 | D        | Killed an orc knight
  2063 | D        | Killed an orc sorcerer
  2064 | D        | Found Xuluv's Gadget Emporium.
  2069 | D        | Found Viaggayp's Armour Shoppe.
  2072 | D        | Noticed an orc high priest
  2073 | D        | Noticed an orc sorcerer
  2074 | D        | Noticed an orc sorcerer
  2080 | D        | Noticed a sun demon
  2080 | D        | Killed an orc high priest
  2083 | D        | Noticed a sun demon
  2086 | D        | Killed an orc sorcerer
  2098 | D        | Killed an orc sorcerer
  2304 | D        | Bought a +2 pair of gloves of dexterity for 215 gold pieces
  2306 | D        | Bought a +0 shield of protection for 115 gold pieces
  2316 | D        | Bought a scroll of enchant armour for 90 gold pieces
  2316 | D        | Bought a scroll of enchant weapon for 90 gold pieces
  2316 | D        | Bought a scroll of brand weapon for 240 gold pieces
  3472 | D        | Identified a +3 sacred scourge of holy wrath (a +1 demon whip of draining blessed by the Shining One)
  3472 | D        | Received a gift from the Shining One
  3878 | D        | Noticed a centaur warrior
  3879 | D        | Noticed a centaur warrior
  3885 | D        | Killed a centaur warrior
  3885 | D        | Reached skill level 1 in Maces & Flails
  3895 | D        | Noticed a stone giant
  3898 | D        | Killed a centaur warrior
  3902 | D        | Noticed an orb spider
  3902 | D        | a black mamba changed into an orb spider
  3907 | D        | Noticed a cyan ugly thing
  3912 | D        | an orb spider changed into a yak
  3915 | D        | Killed a stone giant
  3915 | D        | Reached XP level 12. HP: 81/123 MP: 17/17
  3916 | D        | Noticed a great orb of eyes
  3932 | D        | Noticed a yaktaur captain
  3936 | D        | Paralysed by a great orb of eyes for 4 turns
  3938 | D        | Noticed an ice dragon
  3941 | D        | Killed a great orb of eyes
  3941 | D        | Reached skill level 10 in Maces & Flails
  3946 | D        | Killed a yaktaur captain
  3957 | D        | Killed an ice dragon
  4325 | D        | Noticed Kirke
  4346 | D        | Killed Kirke
  4377 | D        | Noticed Gastronok
  4388 | D        | Killed Gastronok
  4388 | D        | Reached skill level 10 in Invocations
  4424 | D        | Noticed a spark wasp
  4442 | D        | Killed a spark wasp
  4475 | D        | Noticed a nagaraja
  4475 | D        | Noticed an anaconda
  4486 | D        | Killed a nagaraja
  4495 | D        | Reached XP level 13. HP: 109/130 MP: 20/22
  4508 | D        | Reached skill level 15 in Invocations
  4808 | D        | Noticed a merfolk javelineer
  4813 | D        | Killed a merfolk javelineer
  4961 | D        | Noticed a thorn hunter
  4981 | D        | Killed a thorn hunter
  5044 | D        | Noticed Rupert
  5051 | D        | Paralysed by Rupert for 3 turns
  5062 | D        | Killed Rupert
  5217 | D        | Noticed a stone giant
  5217 | D        | Noticed a stone giant
  5217 | D        | Noticed a stone giant
  5222 | D        | Noticed a fire giant
  5224 | D        | Noticed a fire giant
  5228 | D        | Killed a stone giant
  5228 | D        | Reached skill level 15 in Maces & Flails
  5229 | D        | Noticed a frost giant
  5249 | D        | Killed a stone giant
  5250 | D        | Noticed a spark wasp
  5259 | D        | Killed a stone giant
  5272 | D        | Killed a fire giant
  5278 | D        | Killed a fire giant
  5293 | D        | Noticed an ettin
  5295 | D        | Killed a frost giant
  5299 | D        | Reached XP level 14. HP: 89/149 MP: 20/24
  5682 | D        | Noticed a sphinx
  5704 | D        | Paralysed by an ogre mage for 3 turns
  5717 | D        | Paralysed by a sphinx for 3 turns
  5723 | D        | Killed a sphinx
  5723 | D        | Reached skill level 15 in Dodging
  5725 | D        | Noticed a stone giant
  5726 | D        | Paralysed by an ogre mage for 2 turns
  5728 | D        | Slain by a sphinx simulacrum

Skill      XL: |  1  2  3  4  5  6  7  8  9 10 11 12 13 14 |
---------------+-------------------------------------------+-----
Fighting       | 4 5 6 8 9 10 11 13 14 16 20 | 20.7
Armour         | 4 5 6 8 9 10 11 13 14 16 | 16.2
Shields        | 4 5 6 8 9 10 11 13 14 16 | 16.4
Long Blades    | 3 4 5 7 9 10 11 12 14 15 | 15.7
Dodging        | 2 4 5 6 7 8 9 10 15 | 15.4
Invocations    | 3 4 6 8 14 15 | 15.1
Maces & Flails | 7 14 19 20 | 20.0

Action                   |  1- 3 |  4- 6 |  7- 9 | 10-12 | 13-15 || total
-------------------------+-------+-------+-------+-------+-------++-------
Melee: Long sword        |    24 |    12 |       |       |       ||    36
       Headbutt          |     3 |     8 |    16 |    98 |    61 ||   186
       Scimitar          |       |    12 |    77 |   238 |       ||   327
       Sacred scourge    |       |       |       |    78 |   222 ||   300
Invok: Summon Divine War |       |       |       |     2 |     2 ||     4
       Brand Weapon With |       |       |       |     1 |       ||     1
  Use: Potion            |       |       |     3 |     2 |     6 ||    11
       Scroll            |       |       |       |     6 |       ||     6
  Eat: Chunk             |       |       |     1 |     4 |     2 ||     7
       Bread ration      |       |       |       |     2 |       ||     2
Armor: Scale mail        |     5 |     4 |       |       |       ||     9
       Plate armour      |       |     7 |    34 |    29 |       ||    70
       Swamp dragon scal |       |       |       |    19 |    56 ||    75
Dodge: Dodged            |     7 |     7 |    32 |    71 |    60 ||   177
Block: Shield            |     9 |     9 |    45 |   120 |    66 ||   249
       Rpst.: Long sword |     1 |     1 |       |       |       ||     2
       Scimitar          |       |       |     4 |    13 |       ||    17
